 Dungeon Crawl Stone Soup version 0.23-a0-384-g3a68796 (webtiles) character file.

95 Cryolive the Digger (level 4, -1/25 HPs)
             Began as a Gargoyle Earth Elementalist on Oct 27, 2018.
             Shot with an arrow by a centaur (5 damage)
             ... on level 3 of the Dungeon.
             The game lasted 00:12:06 (2083 turns).

Cryolive the Digger (Gargoyle Earth Elementalist)   Turns: 2083, Time: 00:12:06

Health: -1/25      AC:  6    Str: 11    XL:     4   Next: 66%
Magic:  0/7        EV: 12    Int: 17    God:
Gold:   130        SH:  0    Dex: 10    Spells: 4/8 levels left

rFire    . . .     SeeInvis .   f - +0 club
rCold    . . .     Gourm    .   (no shield)
rNeg     + . .     Faith    .   j - +0 robe {MR+}
rPois    ∞         Spirit   .   (no helmet)
rElec    +         Reflect  .   (no cloak)
rCorr    .         Harm     .   i - +0 pair of gloves
MR       +....                  (no boots)
Stlth    ++........             (no amulet)
HPRegen  0.08/turn              (no ring)
MPRegen  0.10/turn              (no ring)

@: very slightly contaminated
A: negative energy resistance 1, electricity resistance, unbreathing,
petrification resistance, rot immunity, AC +3
a: no special abilities


You were on level 3 of the Dungeon.
You were hungry.

You visited 1 branch of the dungeon, and saw 3 of its levels.

You collected 130 gold pieces.

Inventory:

Hand Weapons
 f - a +0 club (weapon)
Missiles
 b - 60 stones (quivered)
Armour
 c - a +0 robe
 i - a +0 pair of gloves (worn)
 j - a +0 robe of magic resistance (worn)
Scrolls
 e - 3 scrolls of identify {unknown}
 g - a scroll of magic mapping {unknown}
 k - a scroll of enchant armour {unknown}
 l - a scroll of teleportation {unknown}
 m - a scroll of enchant weapon {unknown}
 n - a scroll of amnesia {unknown}
 q - 3 scrolls of fear {unknown}
 r - 3 scrolls of remove curse {unknown}
Potions
 a - a potion of curing {unknown}
 h - 2 potions of degeneration {unknown}
 o - a potion of agility {unknown}
 p - a potion of cancellation {unknown}
Comestibles
 d - 7 rations


   Skills:
 + Level 1.5 Fighting
 + Level 1.6 Armour
 + Level 2.1 Dodging
 - Level 2.1 Stealth
 + Level 2.6 Spellcasting
 + Level 1.0 Conjurations
   Level 0.7 Transmutations
 + Level 4.2 Earth Magic


You had 4 spell levels left.
You knew the following spells:

 Your Spells              Type           Power        Failure   Level  Hunger
a - Sandblast             Erth           ###...       3%          1    #......
b - Stone Arrow           Conj/Erth      ##....       19%         3    ###....

Your spell library contained the following spells:

 Spells                   Type           Power        Failure   Level  Hunger
 Passwall                 Tmut/Erth      ##......     10%         2    ##.....
 Petrify                  Tmut/Erth      ##......     54%         4    #####..
 Lee's Rapid Deconstruct  Erth           ###.......   65%         5    ######.


Dungeon Overview and Level Annotations

Branches:
Dungeon (3/15)

Altars:
Qazlal


Innate Abilities, Weirdness & Mutations

You are resistant to torment.
Your stone body is resilient. (AC +3)
You are immune to poison.
You resist negative energy. (rN+)
You are resistant to electric shocks. (rElec)
You can survive without breathing.
You are immune to petrification.
You are immune to rotting.


Message History

Aiming: Sandblast (safe; 3% risk of failure)
Press: ? - help, Shift-Dir - straight line, f/p - centaur
Aim: a centaur, wielding a +0 shortbow (moderately wounded)
The blast of sand hits the centaur.
The centaur is severely wounded.
b - 60 stones The bat barely misses you.
The centaur unwields a +0 shortbow.
The centaur hits you.
* * * LOW HITPOINT WARNING * * *
The centaur wields a +0 shortbow.
The centaur shoots an arrow.
The arrow hits you.
* * * LOW HITPOINT WARNING * * *
The bat hits you but does no damage. The bat misses you.
You see here an arrow.
The centaur shoots an arrow.
The arrow hits you but does no damage. The bat hits you but does no damage.
The centaur shoots an arrow.
The arrow barely misses you.
You see here an arrow.
The bat misses you.
The centaur shoots an arrow.
The arrow hits you.
You die...

......# ...#. .
...+ .....
#.#..#......
#.##.#..#......
#.......c$.....
#.#.(# #.#(.#
#.#(.#
#######.#@b#
........(..#
######<#..#
###..# #..#
#..# #..# #..#
#..#


You could see a centaur and a bat.

Vanquished Creatures
  2 adders
  An ooze (D:2)
  4 worms (D:2)
  3 dart slugs
  A ball python (D:1)
  7 bats
  3 giant cockroaches (D:1)
  7 goblins
  6 hobgoblins
  2 jackals (D:2)
  8 kobolds
  A quokka (D:2)
  5 frilled lizards
  7 rats
57 creatures vanquished.

Notes
Turn   | Place    | Note
-------+----------+-------------------------------------------
     0 | D:1      | Cryolive the Gargoyle Earth Elementalist began the quest
                  | for the Orb.
     0 | D:1      | Reached XP level 1. HP: 10/10 MP: 3/3
     1 | D:1      | Noticed an electric eel
    95 | D:1      | Reached XP level 2. HP: 7/16 MP: 1/5
   391 | D:1      | Reached skill level 1 in Fighting
   391 | D:1      | Reached skill level 1 in Armour
   485 | D:1      | Reached XP level 3. HP: 14/20 MP: 6/6
   659 | D:1      | Reached skill level 4 in Earth Magic
   681 | D:1      | Learned a level 3 spell: Stone Arrow
  1485 | D:2      | Reached XP level 4. HP: 25/25 MP: 1/7
  1539 | D:2      | Found a stormy altar of Qazlal.
  2054 | D:2      | Reached skill level 1 in Conjurations
  2077 | D:3      | Noticed a centaur
  2083 | D:3      | Shot with an arrow by a centaur

Vault maps used:
D:1:      arrival_aquarium_a, minmay_octomino_c4
D:2:      lemuel_crystal_altar
D:3:      cheibrodos_ashenzari_chains, first_ration, kennysheep_another_room,
          uniq_natasha, uniq_grinder, uniq_robin

Skill      XL: |  1  2  3  4 |
---------------+-------------+-----
Fighting       | 1 |  1.5
Armour         | 1 |  1.6
Earth Magic    | 4 |  4.2
Dodging        | 2 |  2.1
Conjurations   | 1 |  1.0
Stealth        | |  2.1
Spellcasting   | |  2.6
Transmutations | |  0.7

Action                   |  1- 3 |  4- 6 || total
-------------------------+-------+-------++-------
Melee: Unarmed           |    16 |       ||    16
       Club              |   120 |    79 ||   199
 Cast: Sandblast         |    19 |    12 ||    31
       Stone Arrow       |       |     1 ||     1
 Stab: Sleeping          |     1 |     1 ||     2
  Eat: Chunk             |     1 |     3 ||     4
Armor: Robe              |    92 |    52 ||   144
Dodge: Dodged            |   189 |    80 ||   269

Table legend:
 A = Non-vault XP
 B = Vault XP
 C = Vault XP percentage of total XP
 D = Non-vault monster count
 E = Vault monster count
 F = Vault count percentage of total count
                 A         B        C        D         E       F
            +---------+---------+-------+---------+---------+-------
      Total |     127 |      10 |   7.3 |      50 |       7 |  12.3
            +---------+---------+-------+---------+---------+-------
        D:1 |      56 |      10 |  15.2 |      26 |       7 |  21.2
        D:2 |      71 |       0 |   0.0 |      24 |       0 |   0.0
            +---------+---------+-------+---------+---------+-------
